[Event "Marmaris Icmeler-IM May 2022"]
[Site "Icmeler"]
[Date "2022.05.05"]
[Round "2.5"]
[White "Huseyinoglu, Alihan"]
[Black "Nazari, Arad"]
[Result "0-1"]
[ECO "D87"]
[WhiteElo "2278"]
[BlackElo "2287"]
[Annotator "TA"]
[PlyCount "98"]
[EventDate "2022.05.05"]
[EventType "schev"]
[EventCountry "TUR"]
[SourceTitle "playchess.com"]
[Source "ChessBase"]
[SourceQuality "1"]
[TimeControl "5400+30"]

1. d4 Nf6 2. c4 g6 3. Nc3 d5 4. cxd5 Nxd5 5. e4 Nxc3 6. bxc3 Bg7 7. Bc4 O-O 8. Ne2 c5 9. O-O Nc6 10. Be3 Bg4 11. f3 Bd7 $1 {[%mdl 4] is more profitable than 11...Na5 at the moment.} 12. Qd2 {D87: Exchange Grünfeld: Classical Line: Variations without ...cxd4.} Qa5 13. Rfd1 Rfd8 14. Rab1 {White has an edge.} cxd4 15. cxd4 Qxd2 16. Rxd2 {[#]} (16. Bxd2 Nxd4 17. Nxd4 Bxd4+ 18. Kf1 b6 $17) 16... Rac8 $146 ({Predecessor:} 16... Na5 17. Bd5 e6 18. Bb3 Bb5 19. Bg5 Rd7 20. Bxe6 fxe6 21. Rxb5 Nc4 22. Rd3 a6 {0-1 (43) Banhazi,I (2067)-Biro,Z (2035) Hungary 2017}) 17. Bb5 (17. Rxb7 Na5 18. Rxd7 Rxd7 $15) 17... Na5 18. Kf2 a6 19. Bd3 b5 20. d5 Rf8 21. g4 Nc4 22. Bxc4 Rxc4 23. Bd4 e5 24. dxe6 Bxe6 25. Bxg7 Kxg7 26. Ke3 Ra4 27. Rbb2 Rc8 28. Nd4 Rc3+ 29. Kf4 Bc4 30. Nb3 (30. h4 $11) 30... Ra3 ({Black should try} 30... g5+ $1 $17 31. Kg3 Ra3) 31. Rd6 a5 32. Nd2 Be2 33. Rb3 (33. g5 $15) 33... a4 {Black is more active.} ({Better is} 33... Raxb3 $17 34. axb3 a4 35. bxa4 bxa4) 34. Rb2 (34. Rxc3 $15 {feels stronger.} Rxc3 35. e5) 34... Re3 (34... Bxf3 35. Nb1 $16) 35. g5 h5 (35... Bxf3 36. Rxb5 Be2 37. Rb7 $11) 36. h4 $1 Red3 (36... Bxf3 37. Rxb5 Bg4 38. Rb8 $14) ({Black should play} 36... Rac3 $15) 37. e5 (37. Rf6 $1 $11) 37... Rdc3 (37... Rac3 $1 $17 {Strongly threatening ...a3.} 38. Rxd3 Bxd3) 38. Rd7 $11 {e6 is the strong threat.} Bc4 (38... Bxf3 39. e6 Bc6 40. Rxf7+ Kh8 41. Rf6 $16) 39. Nxc4 Rxc4+ {[%mdl 4096] Endgame KRR-KRR} 40. Kg3 {And now e6 would win.} Rg4+ 41. Kf2 Rf4 42. e6 {aiming for Re2.} (42. Rxb5 Rfxf3+ 43. Kg1 Rg3+ 44. Kf1 (44. Kf2 Rgc3 $17) 44... Rgf3+ 45. Kg1 Rxa2) 42... Raxf3+ 43. Kg2 {[#]} (43. Ke2 $1 $11 {keeps the balance.}) 43... Re3 $1 $17 44. Rxf7+ {Loses the game.} (44. exf7 $17 Rg4+ 45. Kf2) 44... Rxf7 $19 45. exf7 $17 {[#] KR-KR} Re5 ({Weaker is} 45... Kxf7 46. Rxb5 Ra3 47. Rb2 $15) 46. Kf3 Kxf7 47. Kf4 Rc5 48. Rd2 $2 (48. Ke3 {is a better defense.}) 48... b4 $19 49. Rd6 (49. Rd7+ $142 Ke6 50. Rg7 Rc4+ 51. Kf3) 49... Rb5 {Weighted Error Value: White=0.36/Black=0.15 (very precise)} 0-1

[Event "Marmaris Icmeler-IM May 2022"]
[Site "Icmeler"]
[Date "2022.05.06"]
[Round "3.1"]
[White "Hereklioglu, Sude"]
[Black "Odeev, Handszar"]
[Result "0-1"]
[ECO "A05"]
[WhiteElo "1918"]
[BlackElo "2305"]
[Annotator "TA"]
[PlyCount "86"]
[EventDate "2022.05.05"]
[EventType "schev"]
[EventCountry "TUR"]
[SourceTitle "playchess.com"]
[Source "ChessBase"]
[SourceQuality "1"]
[TimeControl "5400+30"]

1. Nf3 c5 2. g3 Nc6 3. Bg2 g6 4. O-O Bg7 5. e4 Nf6 6. d3 O-O 7. Re1 d6 8. c3 Bg4 9. h3 Bxf3 10. Bxf3 Rc8 {A05: Réti Opening: 1 Nf3 Nf6.} 11. Be3 {[#]} Qb6 $146 ({Predecessor:} 11... Nd7 12. a4 a6 13. Na3 b5 14. axb5 axb5 15. Nc2 Nde5 16. Be2 e6 17. f4 Nd7 18. d4 {0-1 (50) Lopes,A-Reis,P (2332) Salvador 2008}) 12. Qd2 (12. Qe2 $14) 12... Qa6 {The position is equal.} 13. d4 cxd4 14. cxd4 e5 15. d5 Nd4 16. Bxd4 exd4 17. Na3 Nd7 18. Be2 {Prevents d3.} Qb6 19. Nc4 Qc7 20. Rac1 Nc5 21. Bg4 {[#]} (21. Bf1 $11) 21... Nxe4 $1 $15 22. Rxe4 f5 {[%mdl 64] Deflection, Double Attack} 23. Ree1 {Black must now prevent Be2.} fxg4 24. Ne5 Qd8 25. Rxc8 Qxc8 26. Nxg4 Qf5 27. Re7 h5 (27... Qxd5 28. Qd3 $15) 28. Nh2 Qxd5 29. g4 {[#]} Rf7 ({Not} 29... Qxa2 30. gxh5 Qb1+ 31. Nf1 $15) (29... Be5 $142 $1 {...d3 is the strong threat.} 30. Nf1 Qf3 31. gxh5 Qxh3) 30. Re8+ {[#]} (30. Rxf7 $17 Qxf7 31. Qd3) 30... Kh7 $1 $19 31. Qd3 Be5 {And now ...Bxh2+ would win.} 32. f4 Bxf4 {Really sharp!} 33. Nf3 Qc6 ({Inferior is} 33... Qxa2 34. gxh5 Rg7 35. Nxd4 $17) 34. Re6 $2 {[%mdl 8192] This costs White the game.} (34. gxh5 $17 Qxe8 35. hxg6+ Kh6 36. gxf7 Be3+ 37. Kf1 Qxf7 38. Ke2) 34... Be3+ {Black is clearly winning.} 35. Rxe3 dxe3 {[%mdl 4096] Endgame KQR-KQN} 36. Ng5+ Kg7 37. Qd4+ Kg8 {( -> ...Rf2)} 38. Qxe3 Qb6 39. Qxb6 axb6 40. Nxf7 Kxf7 41. gxh5 gxh5 42. Kf2 Kf6 43. Ke3 Kg5 {Weighted Error Value: White=0.79/Black=0.18 (very precise)} 0-1

[Event "Marmaris Icmeler-IM May 2022"]
[Site "Icmeler"]
[Date "2022.05.06"]
[Round "3.2"]
[White "Ince, Taylan Ruzgar"]
[Black "Sevdimaliyev, Urfan"]
[Result "1/2-1/2"]
[ECO "B51"]
[WhiteElo "2018"]
[BlackElo "2331"]
[Annotator "TA"]
[PlyCount "61"]
[EventDate "2022.05.05"]
[EventType "schev"]
[EventCountry "TUR"]
[SourceTitle "playchess.com"]
[Source "ChessBase"]
[SourceQuality "1"]
[TimeControl "5400+30"]

1. e4 c5 2. Nf3 Nc6 3. Bb5 d6 4. O-O Bd7 5. Re1 Nf6 6. c3 a6 {B51: Sicilian: Moscow Variation (3 Bb5+) without 3...Bd7.} 7. Bc4 Bg4 $1 {7...Bg4 is better than 7...b5.} 8. d4 cxd4 {The position is equal.} 9. cxd4 e5 {has lost popularity (9...Bxf3).} 10. d5 (10. dxe5 $14 dxe5 11. Nc3) 10... Nd4 $11 11. Be3 Nxf3+ 12. gxf3 {[#]} Bc8 $146 ({Predecessor:} 12... Bd7 13. Nd2 Be7 14. Be2 Nh5 15. Nc4 b5 16. Nb6 Rb8 17. Nxd7 Qxd7 18. Kh1 O-O {1-0 (60) Mammadova,G (2357)-Eynullayev,A (2314) Nakhchivan 2017}) 13. Nd2 Be7 14. Bf1 O-O 15. Nc4 Nh5 16. Nb6 Rb8 17. Qd2 Nf4 18. Rac1 Bh3 19. Kh1 (19. Bxh3 $11 Nxh3+ 20. Kg2 Nf4+ 21. Bxf4 Qxb6 22. Be3) 19... Bxf1 20. Rxf1 f5 21. Rc4 fxe4 22. fxe4 Qe8 23. Qd1 Bd8 24. f3 Rf6 25. Rg1 Rh6 (25... Ng6 $15) 26. Rg3 (26. Bxf4 $11 exf4 27. Qd4) 26... Bh4 (26... Qh5 $15 27. Rc2 Bxb6 28. Bxb6 Rg6 29. Rxg6 hxg6) 27. Rg4 Bd8 28. Rg3 (28. Bxf4 $11 exf4 29. Qg1 (29. Qd4 g5 $11)) 28... Bh4 (28... Qh5 $15 29. Rc2 Bxb6 30. Bxb6 Rg6 31. Rxg6 hxg6) 29. Rg4 (29. Bxf4 $5 exf4 30. Rg2 $14) 29... Bd8 30. Rg3 (30. Bxf4 $11 exf4 31. Qg1 (31. Qd4 g5 $11)) 30... Bh4 ({Black should play} 30... Qh5 $15 31. Rc2 Bxb6 32. Bxb6 Rg6 33. Rxg6 hxg6) 31. Rg4 {Weighted Error Value: White=0.25 (precise) /Black=0.25 (precise)} (31. Bxf4 $5 exf4 32. Rg2 $14) 1/2-1/2

[Event "Marmaris Icmeler-IM May 2022"]
[Site "Icmeler"]
[Date "2022.05.06"]
[Round "3.3"]
[White "Taspinar, Yanki"]
[Black "Toufighi, Homayoon"]
[Result "0-1"]
[ECO "B06"]
[WhiteElo "2176"]
[BlackElo "2439"]
[Annotator "TA"]
[PlyCount "120"]
[EventDate "2022.05.05"]
[EventType "schev"]
[EventCountry "TUR"]
[SourceTitle "playchess.com"]
[Source "ChessBase"]
[SourceQuality "1"]
[TimeControl "5400+30"]

1. e4 g6 2. d4 Bg7 3. Nc3 c6 4. Bc4 b5 5. Bb3 a5 6. a4 {B06: Modern Defence.} (6. a3 $1 $14 {is more appropriate.}) 6... b4 $1 $11 7. Nce2 d5 8. e5 {The position is equal.} e6 {[#]} 9. c3 $146 ({Predecessor:} 9. Nf3 Ba6 10. O-O Nd7 11. Re1 c5 12. dxc5 Nxc5 13. Nf4 Nxb3 14. cxb3 Ne7 15. Be3 {½-½ (23) Orsher,I (2136)-Dobos,J (2309) Budapest 2001}) 9... Nd7 10. f4 Ne7 11. Be3 Ba6 12. Nf3 Qb6 13. Rc1 bxc3 14. Rxc3 Nf5 15. Bf2 h5 16. O-O Bf8 17. Qc2 $1 Rc8 18. Rc1 Bb7 ({Much less strong is} 18... Bb4 19. Rxc6 Rxc6 20. Qxc6 $14) 19. Ne1 Bb4 {Black is more active.} 20. Nd3 Bxc3 $19 21. bxc3 Ba6 {[#] White must now prevent ...Bxd3.} 22. Rb1 Rb8 23. Rb2 (23. Qd1 $142) 23... Qc7 (23... Bxd3 $142 24. Qxd3 c5 25. dxc5 Nxc5 26. Qb5+ Qxb5 27. axb5 Nxb3 28. Rxb3 a4) 24. h3 (24. Nec1 $142) 24... h4 25. Nec1 Rg8 26. Qd2 Qd8 27. Bd1 Rxb2 28. Qxb2 Qb6 29. Qxb6 Nxb6 30. Nc5 Bc4 31. Bc2 Ng3 32. Kh2 Ke7 33. Nb7 (33. Bxg3 $142 hxg3+ 34. Kxg3) 33... Ra8 34. Bxg3 hxg3+ 35. Kxg3 Rb8 (35... Ra7 $19 36. Nd6 Rc7) 36. Nxa5 $17 Ra8 37. Nxc6+ Kd7 38. Nb4 Nxa4 39. Ncd3 $2 {[#] Now White is beyond hope.} (39. Bxa4+ $17 {was forced.} Rxa4 40. Nc2) 39... Nxc3 $19 40. Nc5+ Ke8 41. Kf2 Ra3 42. Bd3 Bxd3 43. Nbxd3 {[%mdl 4096] Endgame KRN-KNN} Ra2+ 44. Kf3 Nb5 45. g4 Nxd4+ 46. Ke3 Nc6 47. f5 gxf5 48. gxf5 Ke7 49. fxe6 (49. h4 $142 exf5 50. Kf4) 49... fxe6 50. Nf4 Ra3+ 51. Ke2 Nxe5 52. Ncxe6 Ra4 {Against Nd4} 53. Kf2 Kf6 {Black mates.} 54. Kg3 Ra3+ 55. Kg2 Kf5 56. h4 Ra6 57. Kf2 Rxe6 58. Nxd5 Ra6 59. Ne3+ Kf4 60. Ng2+ Kg4 {Weighted Error Value: White=0.44/Black=0.10 (very precise)} 0-1

[Event "Marmaris Icmeler-IM May 2022"]
[Site "Icmeler"]
[Date "2022.05.06"]
[Round "3.4"]
[White "Kilic, Eray"]
[Black "Huseyinoglu, Alihan"]
[Result "1/2-1/2"]
[ECO "B09"]
[WhiteElo "2192"]
[BlackElo "2278"]
[Annotator "TA"]
[PlyCount "86"]
[EventDate "2022.05.05"]
[EventType "schev"]
[EventCountry "TUR"]
[SourceTitle "playchess.com"]
[Source "ChessBase"]
[SourceQuality "1"]
[TimeControl "5400+30"]

1. e4 d6 2. d4 Nf6 3. Nc3 g6 4. f4 Bg7 5. Nf3 O-O 6. Bd3 Na6 7. O-O c5 8. d5 Bg4 9. h3 Bxf3 10. Rxf3 $1 {10.Rxf3 is better than 10.Qxf3.} Nc7 11. Qe2 a6 {B09: Pirc Defence: Austrian Attack.} 12. a4 {Prevents b5.} e6 {[#]} 13. f5 $146 ({Predecessor:} 13. dxe6 Nxe6 14. Qf1 Nd4 15. Rf2 Re8 16. f5 gxf5 17. Bg5 h6 18. Bh4 b5 19. exf5 {½-½ (41) Lobanov,S (2516)-Batsuren,D (2454) New Delhi 2019}) 13... exf5 14. exf5 Nfxd5 15. fxg6 (15. Nxd5 {is more complex.} Nxd5 16. fxg6 hxg6 17. Bxg6 fxg6 18. Qe6+) 15... hxg6 16. Nxd5 Nxd5 17. Bxg6 fxg6 (17... Bd4+ 18. Kh1 fxg6 19. Qe6+ Kh7 20. Qxd5) 18. Qe6+ Kh7 19. Qxd5 Qh4 20. Be3 Rxf3 21. Qxf3 Rf8 22. Qxb7 (22. Qg4 $1 $11 {remains equal.} Qxg4 23. hxg4) 22... Qg3 $1 $17 23. Ra3 {[%cal Ob7g7] [#]} ({Avoid the trap} 23. Qe7 $2 Rf3 24. Qg5 Rxe3 $19) 23... Qe1+ $1 {[%mdl 1024] Black has strong compensation.} 24. Kh2 {[#]} Kh8 $1 25. g3 Bd4 ({Don't play} 25... Be5 $6 26. Qg2 $11) (25... c4 $17 {White must now prevent ...c3.} 26. Qh1 Qxh1+ 27. Kxh1 Bxb2) 26. Qh1 $1 $11 Rf1 27. Qg2 Bxe3 {[#]} (27... Kg7 {looks sharper.} 28. Bxd4+ cxd4 29. Rf3 Rxf3 30. Qxf3 Qc1) 28. Rxe3 Qxe3 29. Qxf1 {[%mdl 4096] Endgame KQ-KQ} Qd2+ 30. Qg2 Qd4 31. b3 $1 d5 32. Qe2 a5 33. Kg2 c4 34. Qf2 (34. h4 $16) 34... Qe4+ 35. Kh2 Kg7 36. Qd2 Qe5 37. h4 c3 38. Qd3 Qe1 $2 (38... d4 $11) 39. Qd4+ Kh7 {( -> ...Qd2+)} 40. Qa7+ $2 ({White has to play} 40. Qxd5 $18 {Strongly threatening Qf7+.} Qd2+ 41. Qg2) 40... Kh6 {The position is equal.} 41. Qxa5 Qe2+ 42. Kh3 Qe6+ 43. Kg2 Qe2+ {Weighted Error Value: White=0.21 (precise) /Black=0.21 (precise)} 1/2-1/2

[Event "Marmaris Icmeler-IM May 2022"]
[Site "Icmeler"]
[Date "2022.05.06"]
[Round "3.5"]
[White "Nazari, Arad"]
[Black "Darban, Morteza"]
[Result "1-0"]
[ECO "B11"]
[WhiteElo "2287"]
[BlackElo "2279"]
[Annotator "TA"]
[PlyCount "119"]
[EventDate "2022.05.05"]
[EventType "schev"]
[EventCountry "TUR"]
[SourceTitle "playchess.com"]
[Source "ChessBase"]
[SourceQuality "1"]
[TimeControl "5400+30"]

1. e4 c6 2. Nc3 d5 3. Nf3 Bg4 4. h3 Bxf3 5. Qxf3 e6 6. d4 Nf6 7. Bd3 Bb4 {B11: Caro-Kann: Two Knights Variation.} (7... dxe4 $11 8. Nxe4 Qxd4) 8. e5 $14 Nfd7 9. Qg4 g6 {White is slightly better.} 10. O-O c5 {[#]} 11. a3 $146 (11. Bg5 {with more complications.} Qb6 12. a3 Bxc3 13. bxc3 Nc6 14. Rab1) ({Predecessor:} 11. Bg5 Qb6 12. a3 Bxc3 13. bxc3 c4 14. Be2 Qa5 15. Qf3 h6 16. Bd2 Qa4 17. Rfb1 {1-0 (32) Veszpremi,A (2303)-Varasdy,I (2286) Hungary 2018}) 11... Bxc3 12. bxc3 c4 13. Be2 $1 (13. Bg5 Qa5 14. Be2 Qxc3 $15) 13... h5 14. Qg3 Nc6 15. Bg5 Qa5 16. a4 a6 17. f4 Qc7 18. Qe3 Rb8 19. g4 hxg4 20. hxg4 Nf8 21. f5 gxf5 22. gxf5 {Hoping for Bf6.} Rg8 ({Better is} 22... Ne7 $1 $14) 23. Kf2 $16 exf5 24. Bh5 $1 Ne6 25. Bf6 ({Don't blunder} 25. Rg1 $2 Rxg5 26. Rxg5 f4 $19) 25... Rf8 26. Ke2 {White is much more active. The black rooks are badly placed.} (26. Qh3 $142) 26... f4 (26... b5 $16) 27. Qh3 $18 Kd7 (27... Qc8 $16 {keeps fighting.} 28. Kd1 Ne7) 28. Rxf4 Rbe8 29. Bg7 {The board is on fire. This bishop pair is nice.} (29. Rf5 $18) 29... f5 $16 30. Bxe8+ Kxe8 31. Bh6 Nxf4+ 32. Bxf4 {Rg1 is the strong threat.} Qf7 33. Kd2 Qg6 34. Qf3 (34. Be3 $16 {Black must now prevent Rg1.} Qg4 35. Qh1) 34... Ne7 35. Rh1 Rg8 36. Rh6 Qg2+ 37. Qxg2 Rxg2+ $11 {[%mdl 4096] Endgame KRB-KRN} 38. Ke3 Rxc2 39. e6 {White wants to mate with Rh8+.} Rxc3+ 40. Kf2 $1 Rc2+ 41. Kg3 {[%mdl 1024] White has compensation.} Kf8 $1 42. Be5 c3 $2 {[%mdl 8192] White stays focused until the end.} (42... Nc6 {gets mated.} 43. Bf6 Ne7 44. Rh8+ Ng8 45. e7+ Kf7 46. Rxg8 $1 Re2 47. Rf8+ Kg6 48. Be5) (42... Rb2 $11 {and Black stays safe.}) 43. Rh8+ $18 Ng8 {[#]} 44. Rh7 $1 Re2 45. Rxb7 {Strongly threatening Bd6+.} Ke8 $2 (45... Rxe5 {is tougher.} 46. dxe5 Ne7) 46. Rb8+ {[%mdl 64] Skewer} Ke7 47. Rxg8 {And now Rc8 would win. KRB-KR} c2 (47... Rc2 $142 48. Rg7+ Kxe6 49. Rg6+ Kf7 50. Rxa6 Rc1 51. Rf6+ Ke7) 48. Rc8 Kxe6 49. Kf3 Rd2 50. Ke3 Rg2 51. Kd3 Kf7 52. Rxc2 Rxc2 53. Kxc2 {KB-K3P. White mates.} Kg6 54. Kd3 Kg5 55. Ke3 Kg4 56. Bc7 Kg5 57. Kf3 Kg6 58. Kf4 Kf6 59. Be5+ Ke6 60. a5 {Weighted Error Value: White=0.13 (very precise) /Black=0.44} 1-0

[Event "Marmaris Icmeler-IM May 2022"]
[Site "Icmeler"]
[Date "2022.05.06"]
[Round "4.1"]
[White "Sevdimaliyev, Urfan"]
[Black "Hereklioglu, Sude"]
[Result "1-0"]
[ECO "A88"]
[WhiteElo "2331"]
[BlackElo "1918"]
[Annotator "TA"]
[PlyCount "63"]
[EventDate "2022.05.05"]
[EventType "schev"]
[EventCountry "TUR"]
[SourceTitle "playchess.com"]
[Source "ChessBase"]
[SourceQuality "1"]
[TimeControl "5400+30"]

1. c4 g6 2. Nc3 Bg7 3. g3 f5 4. Bg2 Nf6 5. Nf3 d6 6. d4 c6 7. O-O O-O 8. Re1 Ne4 9. Qc2 Nxc3 {[%emt 0:04:30] A88: Dutch Defence: Leningrad System: 5 Nf3 0-0 6 0-0 d6 7 Nc3 c6.} 10. bxc3 $1 {[%emt 0:02:30] The main line 10.bxc3 scores better than 10.Qxc3.} Nd7 11. e4 fxe4 {[%emt 0:01:30] White is slightly better.} 12. Qxe4 e5 13. Bg5 Qe8 14. Qh4 {[%emt 0:02:30] [#] White is much more active.} Qf7 $146 (14... Rf5 $142) ({Predecessor:} 14... Rf5 15. g4 Rf7 16. dxe5 dxe5 17. Rad1 Qf8 18. Nd2 Nc5 19. Ne4 Be6 20. Re3 Nxe4 21. Bxe4 Bf6 22. Rh3 Bxg5 23. Qxg5 Qe7 24. Qh6 Bxg4 25. Bxg6 Rg7 {0-1 (25) Kartsev,S (2232)-Meijers,V (2465) Recklinghausen 2006}) 15. Be7 $16 Re8 (15... Bf6 $16 16. Bxf6 Qxf6) 16. Bxd6 $18 {[%emt 0:02:30] Hoping for Ng5.} Qxc4 17. dxe5 ({Don't play} 17. Ng5 $6 h6) (17. Bf1 Qd5) 17... Qxh4 18. gxh4 (18. Nxh4 $142 Nb6 19. f4) 18... Nb6 $16 19. Bf1 {[%emt 0:10:00] Prevents Nc4.} Be6 20. Nd2 (20. Ng5 {with more complications.} Bf5 21. a4 Bf8 22. a5) 20... Bf5 21. Ne4 Kh8 ({Not} 21... Bxe5 22. Bxe5 Rxe5 23. Nf6+ Kf7 24. Rxe5 $16) (21... Bxe4 $14 22. Rxe4 Rad8) 22. Nc5 Nd5 (22... Bh6 $142) 23. c4 (23. Nxb7 $142 {Threatens to win with c4.} Nxc3 24. Rac1) 23... Nb4 24. Rad1 ({White should play} 24. Nxb7 $16 Nc2 25. Rad1) 24... Nc2 (24... b6 $11 25. Ne4 Nc2) 25. Nxb7 {[%emt 0:02:07] And now Re2 would win.} ({But not} 25. Re2 Bg4 26. f4 Bxe2 27. Bxe2 Bh6 $15) 25... Nxe1 26. Rxe1 Bf6 27. Bg2 $36 {[%emt 0:02:25][%mdl 2048] White has strong initiative.} Rac8 28. Na5 Bd7 29. Re4 Bf5 {[%emt 0:03:13] [#]} ({Black should try} 29... Bd8 30. Nb3 Bc7) 30. exf6 (30. Re3 $142 $1 Bxh4 31. Bxc6) 30... Bxe4 $2 (30... Rxe4 $16 {was necessary.} 31. Bxe4 Bxe4) 31. f7 $18 Red8 (31... Re6 $18) 32. Be5# {[%emt 0:00:07] Weighted Error Value: White=0.18 (very precise) /Black=0.54} 1-0

[Event "Marmaris Icmeler-IM May 2022"]
[Site "Icmeler"]
[Date "2022.05.06"]
[Round "4.2"]
[White "Toufighi, Homayoon"]
[Black "Ince, Taylan Ruzgar"]
[Result "1-0"]
[ECO "C07"]
[WhiteElo "2439"]
[BlackElo "2018"]
[Annotator "TA"]
[PlyCount "47"]
[EventDate "2022.05.05"]
[EventType "schev"]
[EventCountry "TUR"]
[SourceTitle "playchess.com"]
[Source "ChessBase"]
[SourceQuality "1"]
[TimeControl "5400+30"]

1. e4 e6 2. d4 d5 3. Nd2 c5 4. exd5 Qxd5 5. dxc5 Bxc5 6. Ngf3 Nf6 7. Bc4 Qc6 {[%emt 0:00:00] C07: French Tarrasch: 3...c5, 4 Ngf3 and 4 exd5 Qxd5.} 8. O-O O-O {[%emt 0:00:30] 8...Nbd7 is not played anymore.} 9. Qe2 a6 {[%emt 0:17:30] The position is equal.} 10. Nb3 (10. Bd3 $142) 10... Bd6 $11 11. Nbd4 (11. Rd1 $5 ) 11... Qc7 {[%emt 0:01:30] Hoping for ...e5.} 12. Bg5 e5 13. Bxf6 {[%emt 0:03:30] [#]} gxf6 $146 ({Predecessor:} 13... exd4 14. Bxd4 Bg4 15. Bd3 Nc6 16. Qe4 f5 17. Qd5+ Kh8 18. Ng5 Bxh2+ 19. Kh1 Rad8 {0-1 (31) Cruz,J (2024)-Andrade,J (2199) Porto 2015}) 14. Nb3 Qe7 (14... Nc6 $11) 15. Rfe1 (15. Qe3 $16) 15... Nc6 16. Rad1 $36 {[%emt 0:01:30][%mdl 2048] White has good play.} Bc7 17. Nfd4 f5 (17... Nxd4 $11 18. Nxd4 f5) 18. Nxc6 $16 bxc6 {[%emt 0:00:30] [#]} 19. Nd4 $1 {[%emt 0:01:30][%cal Bb3d4,Bd4f3,Bf3g5][%mdl 32] White is more active.} Bd7 20. Nf3 Rfe8 $2 {[%emt 0:03:30][%mdl 8192] [#] This move loses the game for Black.} (20... e4 $14) 21. Rxd7 $1 $18 {[%emt 0:07:30][%mdl 512] White is clearly winning.} Qxd7 22. Ng5 Kg7 23. Rd1 {[%emt 0:01:30] Prevents Qd6.} Qe7 24. Qh5 {[%emt 0:00:30] Weighted Error Value: White=0.13 (very precise) /Black=0.68} 1-0

[Event "Marmaris Icmeler-IM May 2022"]
[Site "Icmeler"]
[Date "2022.05.06"]
[Round "4.3"]
[White "Huseyinoglu, Alihan"]
[Black "Taspinar, Yanki"]
[Result "1/2-1/2"]
[ECO "D45"]
[WhiteElo "2278"]
[BlackElo "2176"]
[Annotator "TA"]
[PlyCount "68"]
[EventDate "2022.05.05"]
[EventType "schev"]
[EventCountry "TUR"]
[SourceTitle "playchess.com"]
[Source "ChessBase"]
[SourceQuality "1"]
[TimeControl "5400+30"]

1. d4 d5 2. c4 e6 3. Nc3 c6 4. e3 Nf6 5. Nf3 Nbd7 6. Qc2 Bd6 7. b3 O-O 8. Be2 b6 9. Bb2 Bb7 10. O-O Qe7 11. Rad1 Rad8 12. Rfe1 Rfe8 13. Bf1 {[%emt 0:00:00] D45: Semi-Slav: 5 e3.} c5 14. cxd5 exd5 15. dxc5 Nxc5 16. Nb5 Bb8 {[%emt 0:00:30] [#]} 17. h3 $146 ({Predecessor:} 17. Rc1 Rc8 18. Qf5 a6 19. Bxf6 Qxf6 20. Qxf6 gxf6 21. Nbd4 Ne4 22. Nf5 Kf8 23. N3d4 {½-½ (90) Kovacs,G (2467)-Schachinger,M (2382) Oberwart 2012}) 17... Nce4 18. Qb1 Rc8 19. Rc1 Rxc1 20. Qxc1 Rc8 21. Qb1 a6 22. Nbd4 Qd6 23. Qa1 Ng5 24. Bd3 Nfe4 25. Kf1 {[%emt 0:14:30] The position is equal.} Nxf3 26. Nxf3 d4 27. Bxd4 Nxf2 $1 {[%emt 0:02:30][%mdl 64] [#] Decoy} 28. Kxf2 Qg3+ 29. Kf1 {[%emt 0:00:30] And now Qd1 would win.} Bxf3 30. gxf3 Qxf3+ 31. Kg1 {[%emt 0:00:30] [#] Qb2 is the strong threat.} Qg3+ 32. Kf1 {[%emt 0:00:30] Strongly threatening Qb2.} Qf3+ 33. Kg1 {[%emt 0:00:00] Hoping for Qb2.} Qg3+ 34. Kf1 {[%emt 0:00:00] Black must now prevent Qb2.} Qf3+ {[%emt 0:00:02] Weighted Error Value: White=0.06 (flawless) /Black=0.05 (flawless)} 1/2-1/2

[Event "Marmaris Icmeler-IM May 2022"]
[Site "Icmeler"]
[Date "2022.05.06"]
[Round "4.4"]
[White "Darban, Morteza"]
[Black "Kilic, Eray"]
[Result "1/2-1/2"]
[ECO "B50"]
[WhiteElo "2279"]
[BlackElo "2192"]
[Annotator "TA"]
[PlyCount "60"]
[EventDate "2022.05.05"]
[EventType "schev"]
[EventCountry "TUR"]
[SourceTitle "playchess.com"]
[Source "ChessBase"]
[SourceQuality "1"]
[TimeControl "5400+30"]

1. e4 c5 2. Nf3 d6 3. c3 Nf6 4. h3 g6 5. Bd3 Bg7 6. Bc2 O-O 7. d4 Nc6 8. O-O cxd4 9. cxd4 d5 10. e5 Ne4 11. Nc3 Bf5 {[%emt 0:00:30] B50: Sicilian: 2...d6, Miscellaneous.} 12. Ne2 Rc8 13. Nf4 {[%emt 0:06:30] [#]} h5 $146 ({Predecessor:} 13... Rc7 14. Re1 Na5 15. Bd3 h5 16. Nh4 e6 17. Nxf5 exf5 18. Be3 Nc4 19. Qb3 h4 {1-0 (30) Pirisi,G (2350)-Polajzer,D (2340) Wuerzburg 1988}) 14. a3 (14. Be3 $14) 14... Na5 15. Bd3 e6 16. Ne2 Qb6 17. Rb1 Nb3 18. Be3 {[%emt 0:00:30] [#]} Ned2 $1 19. Nxd2 Bxd3 20. Qxb3 Bxe2 21. Rfc1 Qxb3 22. Nxb3 b6 23. Rxc8 Rxc8 24. Rc1 {[%emt 0:00:30] Against Rc2} Rc4 25. Bg5 Bf8 26. f3 f6 27. exf6 Kf7 28. Kf2 Rxc1 29. Nxc1 Bc4 30. Ke3 Bd6 {[%emt 0:00:50] Weighted Error Value: White=0.06 (flawless) /Black=0.07 (flawless)} 1/2-1/2